 Dungeon Crawl Stone Soup version 0.26.1-11-gd32895ea62 (webtiles) character file.

Game seed: 16912258965355242864

72338 Amplified the Warrior (level 15, -4/143 HPs)
             Began as a Minotaur Earth Elementalist on June 20, 2021.
             Was the Champion of Makhleb.
             Slain by an entropy weaver (11 damage)
             ... on level 4 of the Lair of Beasts.
             The game lasted 00:26:47 (21149 turns).

Amplified the Warrior (MiEE)                       Turns: 21149, Time: 00:26:49

Health: -4/143     AC:  9    Str: 18    XL:     15   Next: 0%
Magic:  21/21      EV: 18    Int: 19    God:    Makhleb [******]
Gold:   1208       SH:  0    Dex: 17    Spells: 15/16 levels left

rFire    x . .     SeeInvis +   f - +6 short sword (speed)
rCold    + . .     Faith    .   (no shield)
rNeg     + . .     Spirit   .   v - +3 ring mail of Guoriggo {Int+4 Stlth+}
rPois    +         Reflect  .   g - +2 hat
rElec    +         Harm     .   I - +0 cloak {rPois}
rCorr    +         Rampage  +   t - +2 pair of gloves "Lueputt" {Rampage *Corrode Dex+3}
Will     +....                  (no boots)
Stlth    +++++.....             (no amulet)
HPRegen  0.33/turn              c - ring of Hobom {rElec rF- rN+ rCorr Int+3 SInv}
MPRegen  0.17/turn              r - +4 ring of slaying

@: corroded
A: retaliatory headbutt, horns 2, thin skeletal structure 1, cold resistance 1
a: Renounce Religion, Minor Destruction, Lesser Servant of Makhleb, Major
Destruction, Greater Servant of Makhleb


You were on level 4 of the Lair of Beasts.
You worshipped Makhleb.
Makhleb was exalted by your worship.
You visited 2 branches of the dungeon, and saw 18 of its levels.
You also visited: Ice Cave.

You collected 1498 gold pieces.
You spent 290 gold pieces at shops.

Inventory:

Hand Weapons
 f - a +6 short sword of speed (weapon)
 y - a +1 broad axe of draining
 D - a +0 scimitar of flaming
Missiles
 b - 577 stones
 o - 15 poisoned darts (quivered)
Armour
 g - a +2 hat (worn)
 t - the +2 pair of gloves "Lueputt" (worn) {Rampage *Corrode Dex+3}
   (You bought it in a shop on level 4 of the Dungeon)

   It affects your dexterity (+3).
   It may corrode you when you take damage.
   It bestows one free step when moving towards enemies.
 v - the +3 ring mail of Guoriggo (worn) {Int+4 Stlth+}
   (You found it on level 5 of the Dungeon)

   It affects your intelligence (+4).
   It makes you more stealthy.
 A - +0 steam dragon scales
 I - a +0 cloak of poison resistance (worn)
Jewellery
 c - the ring of Hobom (left hand) {rElec rF- rN+ rCorr Int+3 SInv}
   (You found it on level 6 of the Lair of Beasts)

   [ring of resist corrosion]

   It affects your intelligence (+3).
   It makes you vulnerable to fire.
   It insulates you from electricity.
   It protects you from negative energy.
   It lets you see invisible.
   It provides partial protection from all sources of acid and corrosion.
 r - a +4 ring of slaying (right hand)
 s - an uncursed ring of wizardry
 B - an uncursed ring of protection from cold
 C - an uncursed ring of resist corrosion
 H - an uncursed ring of protection from cold
Wands
 l - a wand of digging (4)
 n - a wand of enslavement (13)
 x - a wand of flame (39)
 z - a wand of iceblast (12)
 M - a wand of disintegration (13)
 N - a wand of paralysis (4)
Scrolls
 k - 8 scrolls of teleportation
 m - 2 scrolls of remove curse
 w - 2 scrolls of silence
 E - 2 scrolls of identify
 K - 4 scrolls of amnesia
Potions
 a - a potion of flight
 e - 4 potions of magic
 h - 2 potions of curing
 j - 2 potions of brilliance
 p - 5 potions of mutation
 u - 2 potions of haste
 F - 2 potions of ambrosia


   Skills:
 * Level 15.7 Fighting
 - Level 4.9(10.0) Short Blades
 * Level 14.2(14.6) Long Blades
 - Level 4.0(4.2) Axes
 - Level 2.0(3.2) Maces & Flails
 + Level 11.4 Armour
 + Level 10.8 Dodging
 * Level 8.3 Stealth
 - Level 1.3 Spellcasting
 - Level 0.7 Transmutations
 - Level 2.4 Earth Magic
 * Level 9.6 Invocations


You had 15 spell levels left.
You knew the following spells:

 Your Spells              Type           Power        Failure   Level
a - Sandblast             Erth           20%          11%         1

Your spell library contained the following spells:

 Spells                   Type           Power        Failure   Level
 Passwall                 Tmut/Erth      5%           22%         2
 Animate Skeleton         Necr           2%           28%         1
 Foxfire                  Conj/Fire      4%           28%         1
 Pain                     Necr           4%           28%         1
 Stone Arrow              Conj/Erth      10%          45%         3
 Conjure Flame            Conj/Fire      1%           63%         3
 Inner Flame              Hex/Fire       1%           63%         3
 Vampiric Draining        Necr           0%           63%         3
 Petrify                  Tmut/Erth      7%           83%         4
 Leda's Liquefaction      Hex/Erth       2%           86%         4
 Animate Dead             Necr           0%           95%         4
 Sticky Flame             Conj/Fire      1%           95%         4
 Lee's Rapid Deconstruct  Erth           5%           96%         5
 Bolt of Magma            Conj/Fire/Erth 2%           99%         5
 Agony                    Necr           1%           100%        5
 Fireball                 Conj/Fire      0%           100%        5
 Iskenderun's Battlesphe  Conj           1%           100%        5
 Iron Shot                Conj/Erth      2%           100%        6
 Statue Form              Tmut/Erth      4%           100%        6
 Orb of Destruction       Conj           0%           100%        7
 Spellforged Servitor     Conj/Summ      0%           100%        7
 Shatter                  Erth           5%           100%        9


Dungeon Overview and Level Annotations

Branches:
Dungeon (12/15)            Temple (0/1) D:7            Lair (6/6) D:10
  Swamp (0/4) Lair:3        Snake (0/4) Lair:3        Slime (0/5) Lair:6
    Orc (0/2) D:12          IceCv (visited)

Altars:
Ashenzari
Elyvilon
Fedhas
Kikubaaqudgha
Makhleb
Nemelex Xobeh
Qazlal
Ru
Uskayaw
Wu Jian
Xom

Shops:
D:4 [   D:7 (   D:11 *

Portals:
Hell: Lair:6

Annotations:
D:9 exclusion: obsidian statue
Lair:6 exclusion: 3 oklob plants


Innate Abilities, Weirdness & Mutations

You reflexively headbutt those who attack you in melee.
You have a pair of horns on your head.
You have a somewhat thin skeletal structure. (Dex +2, Stealth)
Your flesh is cold resistant. (rC+)


Message History

* * * LOW HITPOINT WARNING * * *
The entropy weaver hits you!
* * * LOW HITPOINT WARNING * * *
Unknown command.
Okay, then.
Okay, then.
Okay, then.
Aiming: Paralyse
Press: ? - help, Shift-Dir - straight line, f/p - entropy weaver
Aim: an entropy weaver (almost dead, chance to affect: 15%)
The entropy weaver resists with almost no effort.
The entropy weaver casts a spell at you.
The entropic weave corrodes you!
Aiming: Paralyse
Press: ? - help, Shift-Dir - straight line, f/p - entropy weaver
Aim: an entropy weaver (almost dead, chance to affect: 15%)
The entropy weaver resists with almost no effort.
The entropy weaver completely misses you.
The entropy weaver hits you!
You die...

.##.......##
##.##........##
#.##...#.......
#.#............
####.#............
#...##(...........
#...##............
#††.....P.......##
#@#..............#
#B####............
......B#B.###†..........
......B†B..###......P...
...#$...#...##..........
.).....# ..B##..........
#.B... ..###..........
..#.#B. .B.#...........
#.(.... B.###.........#


You could see an entropy weaver, 2 soldier ants and 6 worker ants.

Vanquished Creatures
  Gastronok (D:8)
  A frost giant (IceCv)
  A dire elephant (Lair:6)
  An entropy weaver (Lair:4)
  Snorg (D:12)
  Fannar (D:12)
  A catoblepas (Lair:6)
  8 hydras
  A boulder beetle (Lair:3)
  Erica (D:10)
  4 death yaks
  6 two-headed ogres
  A queen ant (Lair:4)
  Nergalle (Lair:1)
  A sixfirhy (Lair:6)
  A wizard (Lair:6)
  A lindwurm (Lair:6)
  Pikel (D:8)
  An ugly thing (D:11)
  A manticore (D:12)
  A cyclops (D:10)
  2 centaur zombies
  2 black mambas (Lair:1)
  11 elephants
  A smoke demon (Lair:6)
  A torpor snail (Lair:5)
  An orange demon (Lair:6)
  Maggie (D:6)
  9 rime drakes
  9 cane toads
  4 ice devils (Lair:6)
  14 komodo dragons
  A freezing wraith (D:12)
  A red devil (Lair:6)
  14 polar bears
  A queen bee (Lair:4)
  3 trolls
  3 meliai (Lair:4)
  16 blink frogs
  7 dream sheep (Lair:6)
  69 yaks
  A shadow (D:11)
  2 wraiths
  A wyvern (D:8)
  3 basilisks
  Eustachio (D:4)
  2 steam dragons
  2 nagas (Lair:3)
  A warg (D:12)
  2 acid dragons
  11 water moccasins
  12 soldier ants (Lair:4)
  4 hell hounds (Lair:6)
  6 orc warriors
  2 ice beasts
  4 phantoms
  2 sky beasts
  A black bear (Lair:2)
  5 ogres
  28 wolves
  2 lemures (D:8)
  9 centaurs
  A big kobold (D:9)
  15 bullfrogs
  A wyvern skeleton (D:8)
  A water moccasin skeleton (D:7)
  3 scorpions
  11 killer bees (Lair:4)
  13 wights
  5 howler monkeys (D:10)
  A crimson imp (D:4)
  2 bullfrog zombies
  A hound (D:7)
  A jelly (D:5)
  8 orc wizards
  4 bullfrog skeletons
  5 orc priests
  3 centaur skeletons
  5 iguanas
  Terence (D:2)
  5 hell rats (Lair:2)
  19 worker ants
  A killer bee zombie (D:7)
  A hound skeleton (D:7)
  A worker ant zombie (D:10)
  A howler monkey zombie (D:7)
  A howler monkey skeleton (D:6)
  11 adders
  3 oozes
  An adder skeleton (D:4)
  An adder zombie (D:5)
  2 worms
  3 dart slugs
  7 leopard geckos
  42 orcs
  2 ball pythons (D:11)
  5 giant cockroaches
  6 goblins
  3 hobgoblins
  22 jackals
  14 kobolds
  2 quokkas
  6 bats
  4 frilled lizards
  2 quokka skeletons
  3 rats
556 creatures vanquished.

Vanquished Creatures (others)
  2 blink frogs (Lair:6)
  2 wolves (IceCv)
  20 fungi
  31 plants
55 creatures vanquished.

Grand Total: 611 creatures vanquished

Notes
Turn   | Place    | Note
-------+----------+-------------------------------------------
     0 | D:1      | Amplified the Minotaur Earth Elementalist began the quest
                  | for the Orb.
     0 | D:1      | Reached XP level 1. HP: 14/14 MP: 1/1
   295 | D:1      | Reached skill level 1 in Fighting
   344 | D:1      | Reached skill level 1 in Maces & Flails
   344 | D:1      | Reached XP level 2. HP: 23/23 MP: 3/3
   892 | D:2      | Noticed Terence
   903 | D:2      | Killed Terence
   904 | D:2      | Reached skill level 2 in Fighting
   904 | D:2      | Reached skill level 1 in Armour
   904 | D:2      | Reached XP level 3. HP: 8/29 MP: 4/4
  1512 | D:2      | Reached XP level 4. HP: 30/37 MP: 5/5
  2041 | D:3      | Reached skill level 1 in Short Blades
  2684 | D:4      | Reached skill level 3 in Fighting
  2684 | D:4      | Reached XP level 5. HP: 36/45 MP: 6/6
  2805 | D:4      | Found a sparkling altar of Nemelex Xobeh.
  3019 | D:4      | Found Ryusis's Antique Armour Emporium.
  3046 | D:4      | Bought a pair of ancient gloves for 180 gold pieces
  3051 | D:4      | Identified the +2 pair of gloves "Lueputt" {Rampage
                  | *Corrode Dex+3} (You bought it in a shop on level 4 of the
                  | Dungeon)
  3135 | D:4      | Noticed Eustachio
  3157 | D:4      | Killed Eustachio
  3158 | D:4      | Reached XP level 6. HP: 41/52 MP: 7/7
  3305 | D:4      | Reached skill level 4 in Fighting
  3453 | D:4      | Found a shimmering altar of Xom.
  3454 | D:4      | Found a burning altar of Makhleb.
  3466 | D:4      | Became a worshipper of Makhleb the Destroyer
  3681 | D:5      | Entered Level 5 of the Dungeon
  3701 | D:5      | Reached XP level 7. HP: 32/60 MP: 8/8
  3986 | D:5      | Reached skill level 5 in Fighting
  4066 | D:5      | Got a glimmering ring mail
  4077 | D:5      | Identified the +3 ring mail of Guoriggo {Int+4 Stlth+} (You
                  | found it on level 5 of the Dungeon)
  4495 | D:6      | Noticed Maggie
  4505 | D:6      | Gained mutation: You have a somewhat thin skeletal
                  | structure. (Dex +2, Stealth) [potion of mutation]
  4505 | D:6      | Gained mutation: Your magical capacity is low. (-10% MP)
                  | [potion of mutation]
  4505 | D:6      | Lost mutation: Your magical capacity is low. (-10% MP)
                  | [potion of mutation]
  4505 | D:6      | Gained mutation: Your flesh is cold resistant. (rC+)
                  | [potion of mutation]
  5043 | D:6      | Reached XP level 8. HP: 66/68 MP: 9/9
  5104 | D:7      | Reached * piety under Makhleb
  5380 | D:7      | Reached skill level 6 in Fighting
  5404 | D:7      | Reached skill level 1 in Axes
  5630 | D:7      | Reached skill level 7 in Fighting
  5630 | D:7      | Reached skill level 5 in Armour
  5630 | D:7      | Reached skill level 5 in Dodging
  5630 | D:7      | Reached XP level 9. HP: 79/79 MP: 10/10
  5762 | D:7      | Found Colidas's Weapon Shop.
  5890 | D:7      | Got a jewelled dagger
  5891 | D:7      | Identified the +1 dagger of Zuskur {antimagic, Will+} (You
                  | found it on level 7 of the Dungeon)
  6262 | D:7      | Found a staircase to the Ecumenical Temple.
  6382 | D:7      | Reached skill level 1 in Long Blades
  6598 | D:8      | Found a sacrificial altar of Ru.
  6620 | D:8      | Reached ** piety under Makhleb
  6638 | D:8      | Reached skill level 8 in Fighting
  6679 | D:8      | Found an ancient bone altar of Kikubaaqudgha.
  6701 | D:8      | Found a blossoming altar of Fedhas.
  6706 | D:8      | Noticed Gastronok
  6722 | D:8      | Killed Gastronok
  6723 | D:8      | Reached skill level 9 in Fighting
  6723 | D:8      | Reached skill level 5 in Long Blades
  6723 | D:8      | Reached XP level 10. HP: 91/91 MP: 11/11
  6815 | D:8      | Found a broken altar of Ashenzari.
  6861 | D:8      | Noticed Pikel
  6879 | D:8      | Killed Pikel
  6965 | D:8      | Noticed a two-headed ogre
  6977 | D:8      | Killed a two-headed ogre
  6978 | D:8      | Reached skill level 10 in Fighting
  7473 | D:6      | Killed Maggie
  7790 | D:6      | Found a white marble altar of Elyvilon.
  8164 | D:9      | Noticed an obsidian statue
  8165 | D:9      | Noticed a two-headed ogre
  8170 | D:9      | Noticed a sun demon
  8340 | D:9      | Killed a two-headed ogre
  8343 | D:9      | Reached *** piety under Makhleb
  8647 | D:9      | Noticed a two-headed ogre
  9028 | D:9      | Found a stormy altar of Qazlal.
  9053 | D:9      | Killed a two-headed ogre
  9054 | D:9      | Reached skill level 11 in Fighting
  9054 | D:9      | Reached XP level 11. HP: 87/102 MP: 12/12
  9341 | D:10     | Entered Level 10 of the Dungeon
  9441 | D:10     | Noticed Erica
  9604 | D:10     | Found a staircase to the Lair.
  9777 | D:10     | Killed Erica
 10090 | D:10     | Noticed a two-headed ogre
 10100 | D:10     | Killed a two-headed ogre
 10451 | D:11     | Reached skill level 12 in Fighting
 10497 | D:11     | Noticed a cyan ugly thing
 10513 | D:11     | Killed a cyan ugly thing
 10514 | D:11     | Reached skill level 1 in Invocations
 10942 | D:11     | You fall into a shaft and drop 1 floor!
 10942 | D:12     | Found a staircase to the Orcish Mines.
 10962 | D:12     | Reached skill level 10 in Long Blades
 11021 | D:12     | Reached **** piety under Makhleb
 11314 | D:12     | Noticed Fannar
 11333 | D:12     | Killed Fannar
 11334 | D:12     | Reached XP level 12. HP: 113/113 MP: 13/13
 11750 | D:12     | Noticed a two-headed ogre
 11758 | D:12     | Killed a two-headed ogre
 11852 | D:12     | Reached skill level 13 in Fighting
 12020 | D:12     | Noticed Snorg
 12040 | D:12     | Killed Snorg
 12142 | D:12     | Noticed a two-headed ogre
 12158 | D:12     | Killed a two-headed ogre
 12451 | D:12     | Noticed a seven-headed hydra
 12457 | D:12     | Killed a four-headed hydra
 12458 | D:12     | Reached skill level 5 in Invocations
 12833 | D:11     | Found Girphiulu's Serpentskin Sales.
 12879 | D:11     | Bought a +0 cloak of poison resistance for 110 gold pieces
 12989 | D:11     | Noticed a seven-headed hydra
 13001 | D:11     | Killed a three-headed hydra
 13310 | Lair:1   | Entered Level 1 of the Lair of Beasts
 13318 | Lair:1   | Noticed Nergalle
 13332 | Lair:1   | Killed Nergalle
 13467 | Lair:1   | Reached ***** piety under Makhleb
 14414 | Lair:2   | Reached skill level 10 in Armour
 14435 | Lair:2   | Reached XP level 13. HP: 107/122 MP: 16/16
 14531 | Lair:2   | Reached skill level 5 in Stealth
 14991 | Lair:2   | Reached skill level 14 in Fighting
 15498 | Lair:3   | Found a hide-covered altar of Uskayaw.
 15498 | Lair:3   | Found an ornate altar of the Wu Jian Council.
 15724 | Lair:3   | Found a staircase to the Snake Pit.
 16051 | Lair:3   | Found a staircase to the Swamp.
 17013 | Lair:4   | Noticed an entropy weaver
 17015 | Lair:4   | Noticed an entropy weaver
 17028 | Lair:4   | Reached skill level 10 in Dodging
 17089 | Lair:4   | Killed an entropy weaver
 18074 | Lair:5   | Reached XP level 14. HP: 133/133 MP: 19/19
 18299 | Lair:6   | Entered Level 6 of the Lair of Beasts
 18529 | Lair:6   | Reached ****** piety under Makhleb
 18552 | Lair:6   | Reached skill level 15 in Fighting
 18725 | Lair:6   | Found a frozen archway.
 18732 | IceCv    | Entered an ice cave
 19342 | IceCv    | Noticed a frost giant
 19386 | IceCv    | Killed a frost giant
 19822 | Lair:6   | Found a staircase to the Slime Pits.
 20331 | Lair:6   | Found a burning altar of Makhleb.
 20770 | Lair:6   | Found a gateway to Hell.
 20778 | Lair:6   | Got a glittering amber ring
 20779 | Lair:6   | Identified the ring of Hobom {rElec rF- rN+ rCorr Int+3
                  | SInv} (You found it on level 6 of the Lair of Beasts)
 21078 | Lair:4   | Reached XP level 15. HP: 143/143 MP: 21/21
 21147 | Lair:4   | HP: 6/143 [entropy weaver (12)]
 21149 | Lair:4   | Slain by an entropy weaver

Illustrated notes

Levels and vault maps discovered:
D:1:      enne_arrival_octagon_isle, layout_loops_ring
D:2:      layout_loops_ring, uniq_terence
D:3:      layout_basic
D:4:      layout_cave_pods, grunt_temple_overflow_champion_of_chaos,
          lemuel_doored_altar, serial_shops, nicolae_shop_stone, uniq_eustachio
D:5:      layout_cave_pools, moated_statue
D:6:      layout_loops_ring, elyvilon_altar_3, minivault_19, minivault_23,
          uniq_maggie
D:7:      layout_basic, minmay_temple_entry_poolview, serial_shops, shop
D:8:      layout_loops_ring, grunt_temple_overflow_growth_and_decay,
          general_overflow_altar, nicolae_ashenzari_panopticon,
          hangedman_decor_clover_reticule, uniq_pikel, uniq_gastronok
D:9:      layout_basic, grunt_qazlal_clouds, minivault_16, serial_park_tiny_pond
D:10:     layout_loops_ring, dpeg_oklobed_lair, uniq_erica
D:11:     layout_irregular_city, guppyfry_shop_venom
D:12:     layout_loops_corners, erik_orc_4, uniq_snorg, uniq_fannar
Lair:1:   layout_hall_layers, grunt_forest_small_clearings, grunt_megastairs_2,
          infiniplex_staircase_pool_2, uniq_nergalle
Lair:2:   layout_roguey, beast_lair_carwin_3, serial_bayou_shore_b
Lair:3:   layout_loops_ring, palyth_hydra_swamp_entry,
          guppyfry_snake_entry_island, nzn_masters_of_martial_movement
Lair:4:   layout_cave_shapes, special_room [special_room_bee], zaba_anthell
Lair:5:   layout_small_grid
Lair:6:   evil_forest, layout_concentric_octagons,
          minmay_slime_entry_oklob_enclosed, portal_ice_cave_rime

Skill      XL: |  1  2  3  4  5  6  7  8  9 10 11 12 13 14 |
---------------+-------------------------------------------+-----
Fighting       | 1 2 3 4 5 7 9 11 12 13 14 15 | 15.7
Maces & Flails | 1 2 |  2.0
Armour         | 1 2 3 5 6 7 9 10 11 | 11.4
Short Blades   | 1 2 3 4 |  4.9
Stealth        | 2 3 4 6 8 |  8.3
Dodging        | 3 4 5 6 7 8 9 10 | 10.8
Axes           | 3 4 |  4.0
Long Blades    | 5 8 10 12 13 14 | 14.2
Invocations    | 3 6 8 9 |  9.6
Spellcasting   | |  1.3
Transmutations | |  0.7
Earth Magic    | |  2.4

Action                   |  1- 3 |  4- 6 |  7- 9 | 10-12 | 13-15 || total
-------------------------+-------+-------+-------+-------+-------++-------
Melee: Club              |     7 |       |       |       |       ||     7
       Mace              |    26 |       |       |       |       ||    26
       Headbutt          |     7 |    16 |    57 |   185 |   326 ||   591
       Short sword       |    29 |   123 |   246 |   768 |  1164 ||  2330
       Dagger            |       |       |     3 |       |       ||     3
       Scimitar          |       |       |       |    10 |       ||    10
Throw: Dart              |       |     1 |     7 |     4 |       ||    12
Invok: Lesser Servant of |       |       |       |     2 |       ||     2
Evoke: Wand              |       |       |     1 |     9 |    13 ||    23
  Use: Scroll            |     2 |     4 |    12 |    10 |    13 ||    41
       Potion            |     2 |       |    13 |     5 |    11 ||    31
 Stab: Sleeping          |       |     2 |     8 |    34 |    22 ||    66
       Distracted        |       |     1 |     1 |     2 |     5 ||     9
       Betrayed ally     |       |       |       |       |     1 ||     1
       Invisible         |       |       |       |       |     1 ||     1
       Petrified         |       |       |       |       |     1 ||     1
Armor: Leather armour    |     9 |    26 |     8 |       |       ||    43
       Ring mail         |       |       |    39 |   139 |   237 ||   415
       Skin              |       |       |     3 |       |       ||     3
Dodge: Dodged            |    36 |    55 |    73 |   333 |   548 ||  1045
       Rpst.: Scimitar   |       |       |       |     2 |       ||     2
